 Dungeon Crawl Stone Soup version 0.13.1-27-ga479965 (webtiles) character file.

10292 Chiseanne the Nimble (level 11, -4/91 HPs)
             Began as a Deep Dwarf Wanderer on Feb 18, 2014.
             Was a High Priest of Okawaru.
             Slain by an unseen horror (7 damage)
             ... on Level 10 of the Dungeon.
             The game lasted 00:52:56 (8781 turns).

Chiseanne the Nimble (Deep Dwarf Wanderer)          Turns: 8781, Time: 00:52:56

HP  -4/91        AC 18     Str 19      XL: 11   Next: 31%
MP   0/0         EV 19     Int 11      God: Okawaru [*****.]
Gold 182         SH  0     Dex 14      Spells:  1 memorised, 17 levels left

Res.Fire  : + . .   See Invis. : .   q - -1,+2 orc glaive (protect)
Res.Cold  : . . .   Warding    : +   B - +3 elf leather armour {rPois}
Life Prot.: + . .   Conserve   : .   (no shield)
Res.Poison: +       Res.Corr.  : .   e - +0 orc winged helmet
Res.Elec. : .       Clarity    : .   E - +1 cloak
Sust.Abil.: . .     Spirit.Shd : .   G - +1 pair of elf gloves
Res.Mut.  : .       Stasis     : .   (no boots)
Res.Rott. : .       Flight     : .   r - amulet of warding
Saprovore : . . .                    g - ring of protection from fire
                                     x - cursed ring of protection from magic

@: non-regenerating, very resistant to hostile enchantments, unstealthy
A: damage resistance, recharge devices, sense surroundings 2, slow healing 3,
spit poison 1
a: Device Recharging, Spit Poison, Heroism, Finesse, Renounce Religion


You were on level 10 of the Dungeon.
You worshipped Okawaru.
Okawaru was extremely pleased with you.
You were hungry.

You visited 2 branches of the dungeon, and saw 12 of its levels.

You collected 572 gold pieces.
You spent 440 gold pieces at shops.

Inventory:

Hand weapons
 c - a +2,+2 quarterstaff of draining
 l - a +2,+2 great mace of freezing
 m - a +0,+2 spear of dragon slaying (quivered)
 n - a +0,+0 executioner's axe
 p - a +2,+2 flail of protection
 q - a -1,+2 orcish glaive of protection (weapon)
 w - a -1,+3 orcish mace
 y - a +2,+1 great sword of freezing
 A - a +2,+1 sling of flame
 I - a +1,+4 orcish great mace
Armour
 e - a +0 orcish winged helmet (worn)
 i - a +0 orcish robe of magic resistance
 B - a +3 elven leather armour of poison resistance (worn)
 E - a +1 cloak (worn)
 G - a +1 pair of elven gloves (worn)
 M - a +0 steam dragon hide
Magical devices
 b - a wand of magic darts (2)
 d - a wand of heal wounds (0)
 v - a wand of cold (0)
 J - a wand of disintegration (8)
 L - a wand of magic darts (13)
Comestibles
 f - 5 bread rations
 u - 2 meat rations
Scrolls
 k - a scroll of identify
 o - 4 scrolls of blinking
 s - 4 scrolls of remove curse
 z - 3 scrolls of fear
 H - 2 scrolls of fog
 K - 6 scrolls of teleportation
Jewellery
 g - a ring of protection from fire (right hand)
 r - an amulet of warding (around neck)
 t - an uncursed ring of fire
 x - a cursed ring of protection from magic (left hand)
Potions
 h - a potion of magic
Books
 a - a book of Minor Magic

   Spells                             Type                      Level
   Magic Dart                         Conjuration                  1
   Blink                              Translocation                2
   Call Imp                           Summoning                    2
   Repel Missiles                     Charms/Air                   2
   Slow                               Hexes                        2
   Conjure Flame                      Conjuration/Fire             3
   Mephitic Cloud                     Conjuration/Poison/Air       3


   Skills:
 * Level 5.6 Fighting
 - Level 1.1 Axes
 * Level 1.8 Polearms
 * Level 8.1 Armour
 * Level 13.1 Dodging
   Level 1.1 Shields
 - Level 4.4 Spellcasting
   Level 1.0 Conjurations
 - Level 5.4 Transmutations
 - Level 5.5 Evocations


You had 17 spell levels left.
You knew the following spells:

 Your Spells              Type           Power        Failure   Level  Hunger
a - Beastly Appendage     Trmt           ##....       2%          1    #......


Dungeon Overview and Level Annotations

Branches:
Dungeon (11/27)            Temple (1/1) D:4             Orc (0/4) D:8
   Lair: D:8-13

Altars:
Ashenzari
Cheibriados
Elyvilon
Fedhas
Kikubaaqudgha
Makhleb
Nemelex Xobeh
Okawaru
Sif Muna
Trog
Vehumet
Xom
Yredelemnul
Zin
the Shining One
Lugonu

Shops:
D:9 *

Annotations:
D:6 exclusion: oklob plant


Innate Abilities, Weirdness & Mutations

You are resistant to damage.
You can recharge devices by infusing magical energy.
You passively map the area around you.
You do not heal naturally.
You can spit poison.


Message History

The ice beast is almost dead.
The ice beast disappears in a puff of smoke!
The ice beast tries to attack you, but flinches away.
The ice beast completely misses you. The ice beast misses you.
The ice beast misses you. The ice beast completely misses you.
The ice beast closely misses you.
The ice beast hits you but does no damage.
The ice beast tries to attack you, but flinches away.
There is a stone staircase leading up here.
The ice beast tries to attack you, but flinches away.
You climb upwards.
There is a stone staircase leading down here.
It barely misses you. It hits you but does no damage.
Deactivating autopickup; reactivate with Ctrl-A.
It hits you!
* * * LOW HITPOINT WARNING * * *
It hits you!
You die...

######........###......#
#..................###.#
#.#....#####...........#
###......#####.#####.....#
...............#...#.....#
...............#...#.....#
........####'###...+.....#
........#.......>..#.....#
........#.......@..#.....#
###.###.#.....##...#.....#
#.....#.....##...#..##.#
##'###########...#.....#
#............/..#.)...#
#...............#.....#
#...............#.##..#
######.....######.##..#
########...#.....#


There were no monsters in sight!

Vanquished Creatures
  Fannar (D:11)
  The ghost of Aryth the Conjurer, an experienced GrAE of Vehumet (D:9)
  An unseen horror (D:10)
  2 hill giants
  Joseph (D:9)
  Maurice (D:11)
  2 trolls (D:10)
  A wraith (D:10)
  3 hungry ghosts
  A steam dragon (D:8)
  Menkaure (D:7)
  A necrophage (D:7)
  3 orc warriors
  4 sky beasts
  4 black bears
  A manticore (D:8)
  2 ogres
  4 ice beasts
  3 phantoms
  5 centaurs
  A big kobold (D:10)
  A warg (D:8)
  Blork the orc (D:7)
  A water moccasin (D:10)
  4 giant frogs
  A yaktaur skeleton (D:9)
  11 killer bees
  6 wights
  A giant frog zombie (D:11)
  A goliath beetle (D:8)
  6 hounds
  2 big fish (D:6)
  5 crimson imps
  A gnoll shaman (D:7)
  7 orc priests
  A scorpion (D:5)
  An iguana (D:10)
  A quasit (D:6)
  6 worker ants
  16 orc wizards
  A brain worm zombie (D:11)
  A crocodile skeleton (D:9)
  2 ogre skeletons
  9 adders
  A worker ant zombie (D:11)
  3 gnolls (D:7)
  A giant centipede (D:9)
  3 giant mites
  2 worms
  An iguana skeleton (D:9)
  An adder skeleton (D:7)
  2 giant eyeballs
  An ooze (D:5)
  46 orcs
  2 ball pythons
  12 bats
  2 giant cockroaches
  11 goblins
  11 hobgoblins
  17 jackals
  2 quokkas
  4 giant geckos
  6 giant newts
  12 kobolds
  12 rats
281 creatures vanquished.

Vanquished Creatures (others)
  An orc (D:4)
1 creature vanquished.

Grand Total: 282 creatures vanquished

Notes
Turn   | Place    | Note
--------------------------------------------------------------
     0 | D:1      | Chiseanne, the Deep Dwarf Wanderer, began the quest for the Orb.
     0 | D:1      | Reached XP level 1. HP: 16/16 MP: 2/2
   395 | D:1      | Reached XP level 2. HP: 18/24 MP: 1/3
   706 | D:2      | Found a deep blue altar of Sif Muna.
   712 | D:2      | Reached skill level 4 in Armour
   833 | D:2      | Found an ancient bone altar of Kikubaaqudgha.
   833 | D:2      | Found a white marble altar of Elyvilon.
   842 | D:2      | Reached XP level 3. HP: 21/30 MP: 1/4
  1086 | D:3      | Reached XP level 4. HP: 14/37 MP: 4/6
  1312 | D:3      | Found a shattered altar of Ashenzari.
  1456 | D:3      | Reached XP level 5. HP: 32/44 MP: 6/8
  1490 | D:3      | Reached skill level 5 in Armour
  2073 | D:4      | Reached XP level 6. HP: 27/51 MP: 6/8
  2140 | D:4      | Found a staircase to the Ecumenical Temple.
  2271 | D:4      | Reached skill level 1 in Dodging
  2594 | Temple   | Entered the Ecumenical Temple
  2637 | Temple   | Became a worshipper of Warmaster Okawaru
  2746 | D:5      | Entered Level 5 of the Dungeon
  2928 | D:5      | Reached XP level 7. HP: 36/58 MP: 7/9
  3071 | D:5      | Reached skill level 6 in Armour
  3249 | D:5      | Acquired Okawaru's first power
  3497 | D:5      | Found a glowing golden altar of the Shining One.
  3616 | D:6      | Reached skill level 5 in Dodging
  3664 | D:6      | Reached XP level 8. HP: 30/66 MP: 9/9
  3754 | D:6      | Found a blossoming altar of Fedhas.
  3801 | D:6      | Noticed an oklob plant
  4366 | D:6      | Found a snail-covered altar of Cheibriados.
  4366 | D:6      | Found a sparkling altar of Nemelex Xobeh.
  4536 | D:7      | Reached skill level 7 in Dodging
  4763 | D:7      | Found a burning altar of Makhleb.
  4786 | D:7      | Gained mutation: You passively map the area around you. [level up]
  4786 | D:7      | Reached XP level 9. HP: 74/74 MP: 10/10
  4853 | D:7      | Noticed Blork the orc
  4874 | D:7      | Killed Blork the orc
  4874 | D:7      | Reached skill level 8 in Dodging
  5188 | D:7      | Found a glowing silver altar of Zin.
  5287 | D:7      | Noticed Menkaure
  5290 | D:7      | Killed Menkaure
  5290 | D:7      | Reached skill level 9 in Dodging
  5366 | D:7      | Paralysed by a giant eyeball for 2 turns
  5369 | D:7      | Paralysed by a giant eyeball for 4 turns
  5375 | D:7      | Paralysed by a giant eyeball for 2 turns
  5792 | D:8      | Paralysed by a giant eyeball for 2 turns
  5908 | D:8      | Found a staircase to the Orcish Mines.
  6177 | D:8      | Reached skill level 10 in Dodging
  6493 | D:9      | Noticed Joseph
  6558 | D:9      | Killed Joseph
  6558 | D:9      | Reached skill level 5 in Transmutations
  6558 | D:9      | Reached XP level 10. HP: 48/82 MP: 7/7
  6627 | D:9      | Gained mutation: You can spit poison. [potion of beneficial mutation]
  6956 | D:9      | Found a bloodstained altar of Trog.
  7058 | D:9      | Found Ohihab's General Store.
  7091 | D:9      | Bought a scroll of identify for 32 gold pieces
  7091 | D:9      | Bought 3 scrolls of teleportation for 144 gold pieces
  7091 | D:9      | Bought 3 scrolls of blinking for 264 gold pieces
  7121 | D:9      | Noticed Aryth's ghost (experienced GrAE)
  7169 | D:9      | Killed Aryth's ghost
  7169 | D:9      | Reached skill level 11 in Dodging
  7202 | D:9      | Reached skill level 5 in Fighting
  7323 | D:10     | Entered Level 10 of the Dungeon
  7571 | D:10     | Paralysed by you for 4 turns
  7608 | D:10     | Noticed a hill giant
  7624 | D:10     | Killed a hill giant
  7624 | D:10     | Reached skill level 12 in Dodging
  7624 | D:10     | Reached skill level 5 in Evocations
  7732 | D:10     | Killed an unseen horror
  7782 | D:10     | Reached XP level 11. HP: 63/91 MP: 3/3
  8489 | D:11     | Noticed a hill giant
  8505 | D:11     | Killed a hill giant
  8505 | D:11     | Reached skill level 1 in Polearms
  8581 | D:11     | Noticed Maurice
  8668 | D:11     | Killed Maurice
  8722 | D:11     | Noticed Fannar
  8755 | D:11     | Killed Fannar
  8755 | D:11     | Acquired Okawaru's second power
  8755 | D:11     | Reached skill level 13 in Dodging
  8780 | D:10     | HP: 3/91 [something (6)]
  8781 | D:10     | Slain by an unseen horror

Action                   |  1- 3 |  4- 6 |  7- 9 | 10-12 || total
-------------------------+-------+-------+-------+-------++-------
Melee: Club              |    95 |       |       |       ||    95
       Flail             |    46 |   267 |   725 |   100 ||  1138
       Glaive            |       |       |       |   397 ||   397
 Cast: Beastly Appendage |    14 |    16 |    26 |    17 ||    73
Invok: Heroism           |       |       |     8 |    15 ||    23
 Abil: Device Recharging |       |     3 |    10 |     8 ||    21
Evoke: Wand              |     2 |    16 |    56 |    33 ||   107
  Use: Scroll            |     5 |    12 |     8 |     4 ||    29
       Potion            |       |       |     3 |     7 ||    10
 Stab: Sleeping          |       |       |       |     1 ||     1
